 Dungeon Crawl Stone Soup version 0.24.1 (webtiles) character file.

Game seed: 13787958079033716285, levelgen mode: deterministic

641 Destapler the Ruffian (level 7, 0/57 HPs)
             Began as a Ghoul Gladiator on Apr 3, 2020.
             Was a Priest of Kikubaaqudgha.
             Slain by an ogre
             ... wielding a +0 giant club
              (1 damage)
             ... on level 5 of the Dungeon.
             The game lasted 00:17:29 (4298 turns).

Destapler the Ruffian (Ghoul Gladiator)             Turns: 4298, Time: 00:17:29

Health: 0/57       AC:  9    Str: 19    XL:     7   Next: 51%
Magic:  6/6        EV: 11    Int:  4    God:    Kikubaaqudgha [***...]
Gold:   196        SH:  5    Dex: 10    Spells: 6/6 levels left

rFire    . . .     SeeInvis +     - Unarmed
rCold    + . .     Gourm    .   n - +1 buckler
rNeg     + + +     Faith    .   g - +0 ring mail (curse)
rPois    ∞         Spirit   .   q - +0 helmet
rElec    .         Reflect  .   (no cloak)
rCorr    .         Harm     .   y - +0 pair of gloves
MR       .....                  u - +1 pair of boots
Stlth    +.........             (no amulet)
HPRegen  0.00/turn              t - ring of see invisible
MPRegen  0.10/turn              (no ring)

@: rotting
A: rotting body, claws 1, carnivore, cold resistance 1, negative energy
resistance 3, inhibited regeneration, torment resistance, unbreathing
a: Receive Corpses, Renounce Religion


You were on level 5 of the Dungeon.
You worshipped Kikubaaqudgha.
Kikubaaqudgha was most pleased with you.
You were not hungry.

You visited 1 branch of the dungeon, and saw 5 of its levels.
You also visited: Sewer.

You collected 196 gold pieces.

Inventory:

Hand Weapons
 e - a +0 hunting sling of velocity
 v - a +0 flail of protection
Missiles
 c - 3 throwing nets
 l - 5 silver boomerangs
 m - 16 poisoned darts (quivered)
Armour
 a - a +0 leather armour
 g - a cursed +0 ring mail (worn)
 i - a +0 ring mail
 n - a +1 buckler (worn)
 q - a +0 helmet (worn)
 u - a +1 pair of boots (worn)
 y - a +0 pair of gloves (worn)
Jewellery
 b - a +3 ring of intelligence {unknown}
 t - a ring of see invisible (left hand)
Scrolls
 f - 4 scrolls of identify
 j - 3 scrolls of magic mapping
 p - a scroll of remove curse
 r - a scroll of enchant armour
 x - a scroll of blinking {unknown}
Potions
 h - a potion of resistance
 k - 6 potions of heal wounds {unknown}
 o - 3 potions of flight {unknown}
 s - a potion of lignification {unknown}
 w - a potion of berserk rage {unknown}
 z - 5 potions of curing {unknown}
 A - 2 potions of cancellation {unknown}
 B - 4 potions of might {unknown}
 C - 3 potions of brilliance {unknown}
 D - a potion of magic {unknown}
Comestibles
 d - 10 rations
 E - 3 chunks of flesh


   Skills:
 - Level 3.2 Fighting
 - Level 2.0 Throwing
 - Level 1.3 Armour
 - Level 3.0 Dodging
 - Level 1.4 Stealth
 + Level 3.1 Shields
 + Level 5.3 Unarmed Combat
 * Level 4.2 Necromancy


You had 6 spell levels left.
You didn't know any spells.
Your spell library contained the following spells:

 Spells                   Type           Power        Failure   Level  Hunger
 Animate Skeleton         Necr           N/A          19%         1    ##.....
 Pain                     Necr           #...         19%         1    ##.....
 Corpse Rot               Necr           N/A          28%         2    ###....
 Vampiric Draining        Necr           #.........   50%         3    ####...
 Animate Dead             Necr           N/A          88%         4    #####..
 Agony                    Necr           #.......     99%         5    ######.
 Dispel Undead            Necr           #.......     99%         5    ######.
 Borgnjor's Vile Clutch   Necr/Erth      #.........   100%        5    ######.
 Death Channel            Necr           #.........   100%        6    #######


Dungeon Overview and Level Annotations

Branches:
Dungeon (5/15)             Temple (0/1) D:4           Sewer (visited)

Altars:
Kikubaaqudgha
Nemelex Xobeh
Okawaru
Sif Muna
Trog


Innate Abilities, Weirdness & Mutations

Your body is rotting away.
You thrive on raw meat.
You are immune to poison.
You have sharp fingernails.
You are carnivorous and can eat meat at any time.
Your flesh is cold resistant. (rC+)
You are immune to negative energy. (rN+++)
You do not regenerate when monsters are visible.
You are immune to unholy pain and torment.
You can survive without breathing.


Message History

You are too injured to fight recklessly!
You are too injured to fight recklessly!
You hit the ogre.
The ogre is almost dead.
You barely miss the ogre.
The ogre is almost dead.
The ogre closely misses you.
You barely miss the ogre.
The ogre is almost dead.
The ogre barely misses you.
You barely miss the ogre.
The ogre is almost dead.
You hit the ogre but do no damage.
The ogre is almost dead.
The ogre misses you.
You hit the ogre.
The ogre is almost dead.
The ogre hits you with a +0 giant club.
You die...
Kikubaaqudgha rasps: "You have failed me!
Welcome... oblivion!"

##### #...# ####...#
##########......#
.....(..##......#
##.#########.##.....[###
..............'.....)'..
#....O@...#.##.....)###
#########.#.##......#
#.#.##......###
#.#.##......#..
#.#.#########.#
#######.#.#########.#
.....................
######<#.....#####.#
#######.#####.#


You could see an ogre.

Vanquished Creatures
  An ogre (D:5)
  4 big kobolds (Sewer)
  A howler monkey (D:4)
  An orc wizard (D:4)
  Robin (D:2)
  7 adders
  2 river rats
  An ooze (D:1)
  A worm (D:2)
  2 dart slugs
  2 leopard geckos
  11 orcs
  7 ball pythons
  3 bats
  6 giant cockroaches
  11 goblins
  8 hobgoblins
  2 jackals (D:4)
  17 kobolds
  4 frilled lizards
  A leopard gecko skeleton (D:4)
  31 rats
124 creatures vanquished.

Notes
Turn   | Place    | Note
-------+----------+-------------------------------------------
     0 | D:1      | Destapler the Ghoul Gladiator began the quest for the Orb.
     0 | D:1      | Reached XP level 1. HP: 17/17 MP: 0/0
   386 | D:1      | Reached XP level 2. HP: 23/25 MP: 1/1
  1027 | D:1      | Reached XP level 3. HP: 19/30 MP: 2/2
  1134 | D:2      | Noticed Robin
  1186 | D:2      | Killed Robin
  1232 | D:2      | Reached skill level 1 in Shields
  1232 | D:2      | Reached XP level 4. HP: 17/38 MP: 3/3
  1368 | D:2      | Reached skill level 1 in Armour
  1638 | D:2      | Found a bloodstained altar of Trog.
  2014 | D:3      | Found a faded altar of an unknown god.
  2016 | D:3      | Became a worshipper of Kikubaaqudgha
  2016 | D:3      | Reached * piety under Kikubaaqudgha
  2016 | D:3      | Identified Kikubaaqudgha's Reference Book on Sinister
                  | Rituals (Kikubaaqudgha gifted it to you on level 3 of the
                  | Dungeon)
  2016 | D:3      | Received a gift from Kikubaaqudgha
  2206 | D:3      | Reached skill level 4 in Unarmed Combat
  2565 | D:4      | Found a glowing drain.
  2567 | D:4      | Reached XP level 5. HP: 45/45 MP: 4/4
  2705 | Sewer    | Entered a sewer
  2791 | Sewer    | Reached skill level 1 in Necromancy
  2809 | Sewer    | Noticed a big kobold
  2834 | Sewer    | Killed a big kobold
  2834 | Sewer    | Reached skill level 1 in Stealth
  2916 | Sewer    | Noticed a big kobold
  2935 | Sewer    | Killed a big kobold
  2935 | Sewer    | Reached XP level 6. HP: 32/51 MP: 5/5
  2987 | Sewer    | Reached ** piety under Kikubaaqudgha
  3349 | Sewer    | Reached XP level 7. HP: 37/56 MP: 6/6
  3576 | D:4      | Reached *** piety under Kikubaaqudgha
  3576 | D:4      | Identified Kikubaaqudgha's Incunabulum of Necromancy
                  | (Kikubaaqudgha gifted it to you on level 4 of the Dungeon)
  3576 | D:4      | Received a gift from Kikubaaqudgha
  3589 | D:4      | Reached skill level 5 in Unarmed Combat
  3600 | D:4      | Found a staircase to the Ecumenical Temple.
  3742 | D:4      | Found a shimmering blue altar of Sif Muna.
  3742 | D:4      | Found a sparkling altar of Nemelex Xobeh.
  3874 | D:4      | Found an iron altar of Okawaru.
  4085 | D:5      | Entered Level 5 of the Dungeon
  4292 | D:5      | HP: 1/57 [ogre/+0 giant club (18)]
  4298 | D:5      | Slain by an ogre

Levels and vault maps discovered:
D:1:      minmay_arrival_nine_rooms, layout_basic
D:2:      layout_basic, lemuel_round_altar, uniq_robin
D:3:      layout_basic, chequers_ecumenical_altar_twisty
D:4:      layout_cave_pools, okawaru_gym_becter,
          gammafunk_temple_overflow_pools, temple_pool_b, first_ration,
          portal_sewer_entry_a
D:5:      layout_basic

Skill      XL: |  1  2  3  4  5  6  7 |
---------------+----------------------+-----
Throwing       | 2 |  2.0
Dodging        | 3 |  3.0
Fighting       | 3 |  3.2
Shields        | 1 2 3 |  3.1
Armour         | 1 |  1.3
Unarmed Combat | 4 5 |  5.3
Necromancy     | 2 3 4 |  4.2
Stealth        | 1 |  1.4

Action                   |  1- 3 |  4- 6 |  7- 9 || total
-------------------------+-------+-------+-------++-------
Melee: Unarmed           |    81 |   248 |   111 ||   440
Throw: Dart              |       |    28 |       ||    28
  Use: Scroll            |       |     7 |     1 ||     8
       Potion            |       |     1 |       ||     1
  Eat: Chunk             |     2 |     7 |     4 ||    13
Armor: Leather armour    |     2 |    57 |    20 ||    79
       Ring mail         |    23 |    27 |     9 ||    59
Dodge: Dodged            |    47 |   205 |    52 ||   304
Block: Buckler           |    10 |    47 |    17 ||    74
